Map: Habitation Station LE

Players

Ashaxyn

  • Race: Protoss Protoss
  • Spawn Location: 1:00

Gracz

  • Race: Protoss Protoss
  • League: Bronze
  • Spawn Location: 11:00

A.I. 2 (Harder) - Winner!

  • Race: Terran Terran

VOD

Have the link to the VOD?

Description

Time

  • Played on: June 18, 2016, 3:33 p.m.
  • Length: 22:02
Show
View Real Time Build Order
Export as new Build Order

Ashaxyn Protoss 

Build Orders:  

Get SALT Encoding   

  12  0:03  Probe (Chrono Boost)  
  13  0:15  Probe (Chrono Boost)  
  14  0:21  Pylon  
  14  0:25  Probe (Chrono Boost)  
  15  0:35  Assimilator  
  15  0:45  Gateway  
  15  0:49  Probe (Chrono Boost)  
  16  1:16  Pylon  
  16  1:24  Forge  
  16  1:30  Pylon  
  16  1:38  Cybernetics Core  
  16  1:46  Probe (Chrono Boost)  
  17  2:02  Gateway  
  17  2:20  Twilight Council  
  17  2:24  Pylon  
  17  2:34  Probe (Chrono Boost)  
  18  2:45  Mothership Core (Chrono Boost)  
  18  2:51  Assimilator  
  20  3:11  Nexus  
  20  3:16  Pylon  
  20  3:36  Pylon  
  20  3:38  Probe (Chrono Boost)  
  21  3:49  Probe (Chrono Boost)  
  21  3:54  Gateway  
  22  3:56  Warp Gate (Chrono Boost)  
  22  3:59  Probe  
  23  4:04  Blink  
  23  4:13  Probe  
  24  4:32  Probe  
  25  4:39  Probe  
  25  4:43  Probe  
  27  4:51  Probe, Photon Cannon  
  28  4:53  Probe  
  29  5:00  Stalker  
  29  5:01  Stalker  
  29  5:04  Probe  
  34  5:30  Probe  
  35  5:43  Probe  
  35  5:45  Gateway x2  
  35  5:46  Gateway  
  35  5:49  Photon Cannon  
  36  5:51  Pylon  
  36  5:54  Probe  
  37  6:03  Pylon  
  37  6:04  Probe  
  37  6:08  Photon Cannon  
  38  6:12  Probe  
  38  6:15  Probe  
  40  6:24  Probe  
  41  6:25  Probe  
  41  6:27  Stalker  
  41  6:28  Stalker  
  41  6:29  Stalker  
  48  6:36  Probe  
  49  6:42  Protoss Ground Weapons Level 1, Stalker  
  49  6:43  Stalker  
  49  6:45  Stalker  
  55  6:52  Stalker  
  57  7:01  Stalker  
  59  7:04  Stalker  
  57  7:12  Stalker  
  57  7:13  Stalker  
  60  7:27  Pylon  
  60  7:28  Pylon  
  60  7:29  Pylon  
  60  7:33  Stalker  
  60  7:34  Stalker  
  64  8:04  Stalker  
  62  8:27  Stalker  
  62  8:34  Stalker  
  64  8:48  Nexus  
  64  9:04  Zealot  
  64  9:07  Stalker x2  
  70  9:11  Assimilator  
  70  9:22  Assimilator  
  70  9:28  Stalker  
  72  9:31  Zealot  
  74  9:51  Stalker x2  
  78  10:00  Zealot  
  78  10:05  Pylon, Probe  
  81  10:16  Probe  
  82  10:25  Stalker x2  
  82  10:26  Stalker x2  
  82  10:27  Zealot  
  92  10:33  Zealot  
  94  12:02  Nexus  
  94  12:48  Nexus  
  94  13:08  Nexus  
  94  13:09  Nexus  
  94  13:22  Nexus  
  94  13:30  Nexus  
  94  13:43  Nexus  
  94  13:53  Nexus  
  94  14:06  Nexus  
  94  14:41  Probe  
  95  14:49  Probe  
  95  14:51  Probe  
  96  14:53  Probe  
  96  14:56  Probe  
  96  14:59  Probe  
  99  15:01  Probe  
  99  15:02  Probe  
  99  15:03  Probe  
  99  15:05  Probe  
  99  15:06  Probe  
  104  15:10  Probe  
  104  15:11  Probe  
  104  15:12  Probe  
  107  15:15  Probe  
  107  15:16  Probe  
  107  15:17  Probe  
  107  15:20  Probe  
  111  15:22  Probe  
  111  15:23  Probe x2  
  111  15:26  Probe  
  111  15:27  Probe x2  
  117  15:31  Probe  
  117  15:33  Probe x2  
  117  15:34  Probe  
  120  15:37  Probe x2  
  120  15:38  Probe  
  120  15:41  Probe  
  117  15:43  Probe  
  117  15:47  Probe  
  117  15:48  Probe  
  120  15:52  Probe  
  119  15:58  Probe  
  119  16:02  Probe  
  116  16:07  Pylon  
  116  16:09  Pylon  
  117  16:13  Probe  
  117  16:14  Assimilator  
  117  16:17  Assimilator  
  117  16:19  Assimilator, Probe  
  117  16:23  Probe  
  117  16:24  Assimilator  
  117  16:30  Probe  
  116  16:34  Probe  
  117  16:41  Probe  
  116  16:52  Pylon  
  113  17:02  Stargate  
  113  17:04  Stargate  
  113  17:06  Stargate  
  113  17:07  Stargate  
  113  17:09  Stargate  
  113  17:12  Stargate  
  113  17:13  Stargate  
  108  17:18  Stargate  
  108  17:21  Stargate  
  108  17:32  Pylon  
  103  17:50  Probe  
  102  17:53  Assimilator, Stalker x3  
  102  17:54  Stalker x2  
  102  17:55  Assimilator  
  113  18:01  Probe  
  113  18:03  Void Ray  
  113  18:04  Void Ray x5  
  113  18:05  Void Ray x2  
  113  18:11  Probe  
  137  18:24  Stalker x4  
  143  18:27  Stalker  
  145  18:41  Void Ray x2  
  145  18:46  Void Ray x2  
  145  18:47  Void Ray  
  145  18:48  Void Ray  
  135  19:27  Void Ray x2  
  147  19:31  Stalker  
  147  19:32  Stalker x2  
  147  19:33  Stalker x2  
  161  19:38  Void Ray  
  161  19:57  Stalker  
  161  19:59  Stalker x2  
  159  20:01  Stalker x2  
  151  20:32  Pylon  
  151  20:33  Stalker  
  151  20:34  Stalker  
  151  20:35  Stalker x2  
  157  20:36  Stalker, Probe  
  162  20:57  Pylon  
  162  21:00  Pylon  
  162  21:08  Pylon  
  162  21:10  Pylon  
  160  21:23  Pylon  
  160  21:33  Pylon  
  160  21:40  Probe  
  161  21:50  Probe  
  161  21:51  Pylon  
  138  21:55  Pylon  
Show
View Real Time Build Order
Export as new Build Order

Gracz Protoss 

Build Orders:  

Get SALT Encoding   

  12  0:00  SCV  
  13  0:13  SCV  
  14  0:19  Supply Depot  
  14  0:25  SCV  
  15  0:41  SCV  
  16  0:43  Barracks  
  16  0:48  Refinery  
  16  0:53  SCV  
  17  1:05  SCV  
  18  1:17  SCV  
  19  1:20  Supply Depot  
  19  1:29  SCV  
  19  1:30  Marine  
  21  1:39  Barracks  
  21  1:42  Orbital Command  
  21  1:49  Barracks Tech Lab, Refinery  
  21  2:04  Factory  
  21  2:07  Marine  
  22  2:24  Supply Depot  
  22  2:25  Marauder  
  22  2:28  Marine  
  25  2:47  Marauder  
  25  2:50  Hellion, Supply Depot  
  29  2:59  Marine  
  30  3:08  Marine  
  31  3:18  Marine  
  32  3:26  Supply Depot  
  32  3:27  Marauder  
  34  3:37  Hellion  
  36  3:46  SCV  
  37  3:49  Marauder  
  39  3:55  Supply Depot  
  39  3:58  Hellion, SCV  
  42  4:08  Engineering Bay  
  42  4:10  SCV  
  43  4:20  Hellion  
  43  4:23  SCV  
  46  4:35  SCV  
  46  4:41  Hellion  
  48  4:47  SCV  
  49  4:59  SCV  
  50  5:02  Hellion  
  52  5:24  Hellion  
  54  6:27  Barracks Tech Lab, Widow Mine  
  54  6:28  Terran Infantry Weapons Level 1  
  54  6:31  Factory  
  56  6:34  Marine, Starport  
  56  6:35  Command Center  
  56  6:37  Supply Depot  
  56  6:38  Missile Turret  
  57  6:40  Missile Turret  
  57  6:45  Combat Shields, Marine  
  57  6:48  Starport  
  57  6:51  Marine  
  58  6:57  Factory Tech Lab  
  53  7:01  Supply Depot  
  53  7:03  Marine  
  42  7:09  Marine  
  32  7:18  SCV  
  32  7:20  Marine  
  32  7:22  Siege Tank  
  37  7:28  Marine  
  37  7:30  Factory Tech Lab, SCV  
  37  7:33  Starport Tech Lab  
  37  7:34  Factory Tech Lab  
  37  7:36  Starport Tech Lab  
  37  7:38  Marine  
  37  7:46  Marine  
  37  7:47  SCV, Widow Mine  
  39  7:54  Viking, SCV  
  37  8:00  Marine  
  31  8:06  Marine  
  32  8:18  Marine  
  32  8:19  Siege Tank  
  33  8:24  Marine, Viking  
  31  8:36  Marine  
  31  8:40  SCV  
  31  8:42  Marine  
  31  8:45  SCV  
  24  8:52  SCV  
  24  8:53  Marine  
  20  8:57  SCV  
  18  9:04  SCV  
  19  9:10  SCV  
  19  9:16  Marine, SCV  
  20  9:21  Marine  
  20  9:22  SCV  
  20  9:28  SCV  
  18  9:34  Marine, SCV  
  18  9:40  Marine, SCV  
  18  9:46  SCV  
  18  9:52  SCV  
  18  9:56  Marine  
  18  9:58  SCV  
  18  9:59  Marine  
  16  10:10  SCV  
  14  10:22  SCV  
    15:12  Marine  
  1  15:29  Marine  
  1  15:47  Marine  
  2  16:05  Marine  
  3  16:23  Marine  
Show
View Real Time Build Order
Export as new Build Order

A.I. 2 (Harder) Terran - Winner!

Build Orders:  

Get SALT Encoding   

Tags
 
Add a new tag
Caveats
  • Supply blocks, unpowered buildings, or Contaminate may cause inaccurate times.
  • Supply counts are checked every 10 seconds.